 Dungeon Crawl Stone Soup version 0.25.1-2-g60ff931df9 (webtiles) character file.

Game seed: 10436932726934433980

59 Ivernyr the Insei (level 4, -7/28 HPs)
             Began as an Octopode Transmuter on Oct 13, 2020.
             Mangled by Crazy Yiuf
             ... wielding a +4 quarterstaff of chaos
              (14 damage)
             ... on level 2 of the Dungeon.
             The game lasted 00:03:14 (1647 turns).

Ivernyr the Insei (Octopode Transmuter)             Turns: 1647, Time: 00:03:14

Health: -7/28      AC:  1    Str:  9    XL:     4   Next: 3%
Magic:  6/7        EV: 13    Int: 16    God:
Gold:   75         SH:  0    Dex: 12    Spells: 6/7 levels left

rFire    . . .     SeeInvis .     - Unarmed
rCold    . . .     Gourm    .   (no shield)
rNeg     . . .     Faith    .   (helmet restricted)
rPois    .         Spirit   .   (no amulet)
rElec    .         Reflect  .   j - ring of teleportation (curse)
rCorr    .         Harm     .   (no ring)
MR       .....     Rnd*Tele +   (no ring)
Stlth    ++........             (no ring)
HPRegen  0.09/turn              (no ring)
MPRegen  0.10/turn              (no ring)
                                (no ring)
                                (no ring)

@: appendage, lightly drained
A: almost no armour, stealthy swim, amphibious, 8 rings, constrict 8, tentacle
spike 3, camouflage 1, gelatinous body 1
a: End Transformation


You were on level 2 of the Dungeon.
You were not hungry.
One of your tentacles had a temporary spike.
You visited 1 branch of the dungeon, and saw 2 of its levels.

You collected 75 gold pieces.

Inventory:

Missiles
 a - 12 arrows
Jewellery
 j - a cursed ring of teleportation (left tentacle)
Scrolls
 b - 6 scrolls of identify {unknown}
 d - 2 scrolls of fog {unknown}
 f - 2 scrolls of teleportation {unknown}
 g - a scroll of enchant armour {unknown}
Potions
 e - a potion of might {unknown}
 h - 3 potions of curing {unknown}
 i - 2 potions of flight {unknown}
Comestibles
 c - 3 rations
 k - 2 chunks of flesh


   Skills:
 - Level 1.0(0.7) Fighting
 + Level 2.5(2.3) Dodging
 + Level 3.4(3.1) Unarmed Combat
 + Level 2.4(2.1) Spellcasting
 * Level 3.0(2.7) Transmutations


You had 6 spell levels left.
You knew the following spells:

 Your Spells              Type           Power        Failure   Level  Hunger
a - Beastly Appendage     Tmut           ##....       7%          1    #......

Your spell library contained the following spells:

 Spells                   Type           Power        Failure   Level  Hunger
 Sticks to Snakes         Tmut           ##......     10%         2    ###....
 Spider Form              Tmut/Pois      #.........   34%         3    ###....
 Ice Form                 Ice/Tmut       #.......     75%         4    #####..
 Blade Hands              Tmut           ##........   88%         5    ######.


Dungeon Overview and Level Annotations

Branches:
Dungeon (2/15)

Altars:
Okawaru

Annotations:
D:2 Crazy Yiuf


Innate Abilities, Weirdness & Mutations

You cannot wear most types of armour.
You are very stealthy in the water. (Stealth+)
You are amphibious.
You can wear up to eight rings at the same time.
You can use your tentacles to constrict eight enemies at once.
Your skin changes colour to match your surroundings (Stealth+).
Your rubbery body absorbs attacks. (AC +1, EV +1)
One of your tentacles bears a large vicious spike.


Message History

You tentacle-slap Crazy Yiuf.
Crazy Yiuf is moderately wounded.
You constrict Crazy Yiuf, but do no damage.
Crazy Yiuf hits you with a +4 quarterstaff of chaos.
You feel drained.
You tentacle-slap Crazy Yiuf but do no damage.
Crazy Yiuf is moderately wounded.
You constrict Crazy Yiuf, but do no damage.
Crazy Yiuf hits you with a +4 quarterstaff of chaos!
* * * LOW HITPOINT WARNING * * *
You tentacle-slap Crazy Yiuf but do no damage.
You squeeze Crazy Yiuf.
Crazy Yiuf is moderately wounded.
You constrict Crazy Yiuf. You tentacle-slap Crazy Yiuf.
You pierce Crazy Yiuf.
Crazy Yiuf is severely wounded.
You constrict Crazy Yiuf, but do no damage.
Crazy Yiuf hits you with a +4 quarterstaff of chaos!
Ouch! That really hurt!
You die...

..# #...# ###..>..[......
..####...# ...............
....)....# .##...##...#)..
..#####.## #####....#... ..## #.#
#......... ...####.# ##....#...
........##♣♣ ### #.........
...####..#.♣♣ ♣♣#)))# ##........
............♣♣♣♣@g)).# #....#...
.#.##.#.....)♣))♣#)))# #........
.#.##.#..#.)♣)♣♣♣ ### ##.##.#..#
.#.##.#.##♣♣♣♣♣ #........#
.#.##.#.# ##.##.#..#
...##.#.#################....#..#
.........#...##.......#.##.#.#..#
..#.#....#..[##.#.###.#..........
..._.............................


You could see Crazy Yiuf.

Vanquished Creatures
  3 adders (D:2)
  An ooze (D:1)
  A leopard gecko (D:1)
  A giant cockroach (D:2)
  6 goblins
  5 hobgoblins
  4 bats
  A frilled lizard (D:1)
  2 kobolds
  4 rats (D:1)
28 creatures vanquished.

Notes
Turn   | Place    | Note
-------+----------+-------------------------------------------
     0 | D:1      | Ivernyr the Octopode Transmuter began the quest for the
                  | Orb.
     0 | D:1      | Reached XP level 1. HP: 13/13 MP: 3/3
   206 | D:1      | Reached XP level 2. HP: 18/18 MP: 5/5
  1027 | D:2      | Reached XP level 3. HP: 23/23 MP: 4/6
  1473 | D:2      | Found an iron altar of Okawaru.
  1584 | D:2      | Reached XP level 4. HP: 24/28 MP: 5/7
  1636 | D:2      | Found a runed translucent door.
  1637 | D:2      | Noticed Crazy Yiuf
  1647 | D:2      | Mangled by Crazy Yiuf

Illustrated notes

Levels and vault maps discovered:
D:1:      dpeg_arrival_oval, layout_basic
D:2:      layout_basic, first_ration, okawaru_metal_pillars_1_2,
          uniq_crazy_yiuf_cottage

Skill      XL: |  1  2  3 |
---------------+----------+-----
Transmutations | 3 |  3.0
Fighting       | |  1.0
Dodging        | |  2.5
Unarmed Combat | |  3.4
Spellcasting   | |  2.4

Action                   |  1- 3 |  4- 6 || total
-------------------------+-------+-------++-------
Melee: Unarmed           |    68 |     5 ||    73
       Constrict         |    20 |     1 ||    21
       Tentacles         |    12 |     1 ||    13
       Kick              |     1 |     2 ||     3
 Cast: Beastly Appendage |     3 |     1 ||     4
 Stab: Sleeping          |     6 |       ||     6
  Eat: Chunk             |     2 |       ||     2
Armor: Skin              |     2 |       ||     2
Dodge: Dodged            |    32 |       ||    32
